 Dungeon Crawl Stone Soup version 0.17-a0-1909-g0b14330 (webtiles) character file.

462 Banto the Chucker (level 7, -4/72 HPs)
             Began as an Ogre Hunter on Sept 25, 2015.
             Shot with an arrow by a centaur (5 damage)
             ... on level 4 of the Dungeon.
             The game lasted 00:05:20 (3542 turns).

Banto the Chucker (Ogre Hunter)                     Turns: 3542, Time: 00:05:20

Health: -4/72      AC:  4    Str: 18    XL:     7   Next: 7%
Magic:  7/7        EV: 10    Int: 10    God:
Gold:   137        SH:  0    Dex: 12    Spells: 0 memorised, 6 levels left

rFire  . . .     SeeInvis .     c - +0 dagger (venom)
rCold  . . .     Clarity  .     d - +1 robe
rNeg   . . .     SustAt   .     (no shield)
rPois  .         Gourm    .     (helmet restricted)
rElec  .         Spirit   .     (no cloak)
rCorr  .         Warding  .     (gloves unavailable)
rMut   .         Stasis   .     (boots unavailable)
MR     .....                    (no amulet)
Stlth  +.........               (no ring)
                                f - ring of flight

@: not resistant to hostile enchantments, very unstealthy
A: unfitting armour, tough skin 1
a: Evoke Flight


You were on level 4 of the Dungeon.
You were hungry.

You visited 1 branch of the dungeon, and saw 4 of its levels.

You collected 137 gold pieces.

Inventory:

Hand weapons
 c - a +0 dagger of venom (weapon)
 o - a +1 flail of holy wrath
Missiles
 a - 5 large rocks
 b - 5 throwing nets
 i - 4 tomahawks (quivered)
Armour
 d - a +1 robe (worn)
Jewellery
 f - a ring of flight (left hand)
Scrolls
 m - a scroll of magic mapping
 q - 3 scrolls of random uselessness {unknown}
 r - a scroll of blinking {unknown}
Potions
 g - a potion of magic
 h - 3 potions of curing
 l - 2 potions of heal wounds
 p - a potion of lignification
Comestibles
 e - 2 bread rations
 j - 2 meat rations
 k - a slice of pizza
 n - a beef jerky


   Skills:
 + Level 5.3 Fighting
 * Level 5.9 Maces & Flails
 + Level 6.2 Throwing
 - Level 1.7 Dodging
 - Level 0.7 Stealth


You had 6 spell levels left.
You didn't know any spells.

Dungeon Overview and Level Annotations

Branches:
Dungeon (4/15)
 Temple: D:4-7

Altars:
Makhleb


Innate Abilities, Weirdness & Mutations

You are too large for most types of armour.
You have tough skin (AC +1).


Message History

The centaur hits you. The centaur closely misses you.
The centaur wields an uncursed shortbow.
The centaur shoots an arrow.
The arrow hits you! The ogre closely misses you.
There is an open door, spattered with blood here.
You see here 2 arrows.
The centaur shoots an arrow.
The arrow hits you!
You see here an arrow.
The centaur shoots an arrow.
The arrow hits you.
* * * LOW HITPOINT WARNING * * *
You see here an arrow.
The centaur shoots an arrow.
The arrow hits you.
* * * LOW HITPOINT WARNING * * *
You see here 2 arrows.
The centaur shoots an arrow.
The arrow hits you!
* * * LOW HITPOINT WARNING * * *
You see here an arrow.
The centaur shoots an arrow.
The arrow hits you.
* * * LOW HITPOINT WARNING * * *
The centaur shoots an arrow.
The arrow hits you.
You die...

#..##...##.
#......##.#
###+##+##'####.#######
#..(##.##...##......5#
#....#|.'....+.[.....#
#....'..#....#.......O
#...##.####+##(.#
#...##.##.c.##5.#####
#....@..(O((#....'..#
#...##.##..5((...#..#
#...##.##..(##..##.##
#.......############
#...##..# #...##+##
##..# ####


You could see an ogre, a centaur and a crimson imp.

Vanquished Creatures
  The ghost of Fv001 the Sneak, an experienced SpAs (D:4)
  A scorpion (D:3)
  A hound (D:3)
  Natasha (thrice) (D:3)
  5 adders
  An adder skeleton (D:4)
  A worm (D:2)
  7 giant geckos
  4 orcs (D:3)
  8 bats
  2 giant cockroaches (D:3)
  10 hobgoblins
  10 jackals
  A quokka (D:3)
  15 goblins
  2 kobolds
  7 rats
79 creatures vanquished.

Notes
Turn   | Place    | Note
--------------------------------------------------------------
     0 | D:1      | Banto the Ogre Hunter began the quest for the Orb.
     0 | D:1      | Reached XP level 1. HP: 22/22 MP: 1/1
    87 | D:1      | Reached XP level 2. HP: 13/31 MP: 2/2
   683 | D:1      | Reached skill level 1 in Maces & Flails
   685 | D:1      | Reached skill level 5 in Throwing
   687 | D:1      | Reached XP level 3. HP: 33/37 MP: 3/3
  1398 | D:2      | Reached XP level 4. HP: 38/46 MP: 4/4
  2184 | D:3      | Noticed Natasha
  2194 | D:3      | Killed Natasha
  2313 | D:3      | Reached XP level 5. HP: 31/54 MP: 5/5
  2385 | D:3      | Noticed Natasha
  2421 | D:3      | Killed Natasha
  2739 | D:3      | Noticed Natasha
  2746 | D:3      | Killed Natasha
  2804 | D:3      | Found a burning altar of Makhleb.
  3016 | D:3      | Reached XP level 6. HP: 52/63 MP: 6/6
  3352 | D:4      | Noticed Fv001's ghost (experienced SpAs)
  3377 | D:4      | Killed Fv001's ghost
  3377 | D:4      | Reached skill level 5 in Fighting
  3377 | D:4      | Reached skill level 5 in Maces & Flails
  3377 | D:4      | Reached skill level 6 in Throwing
  3377 | D:4      | Reached XP level 7. HP: 31/72 MP: 7/7
  3542 | D:4      | HP: 1/72 [centaur/arrow (6)]
  3542 | D:4      | Shot with an arrow by a centaur

Vault maps used:
D:1:      tarquinn_simple_flora_water_d
D:2:      first_bread
D:3:      lemuel_coloured_pillars_altar, uniq_natasha
D:4:      black_bear_nest_1, portal_sewer_entry_d, serial_park_tiny_1,
          fedhas_altar_1

Action                   |  1- 3 |  4- 6 |  7- 9 || total
-------------------------+-------+-------+-------++-------
Melee: Short sword       |    20 |       |       ||    20
       Club              |    33 |       |       ||    33
       Dagger            |    82 |   140 |     5 ||   227
       Flail             |       |    17 |     8 ||    25
Throw: Throwing net      |     1 |       |       ||     1
       Tomahawk          |       |     3 |       ||     3
  Use: Scroll            |     1 |     4 |     4 ||     9
 Stab: Sleeping          |     2 |     2 |       ||     4
  Eat: Chunk             |     2 |     6 |       ||     8
